 Dungeon Crawl Stone Soup version 0.30-a0-718-geaa24f58ff (webtiles) character file.

Game seed: 13157275594889945681

1343 NinjaNoafa the Firebug (level 8, -4/46 HPs)
             Began as a Tengu Fire Elementalist on Jan 25, 2023.
             Was an Initiate of Vehumet.
             Killed by an exploding water moccasin (50 damage)
             ... ignited by their inner flame
             ... on level 7 of the Dungeon.
             The game lasted 00:27:49 (6968 turns).

NinjaNoafa the Firebug (Tengu Fire Elementalist)    Turns: 6968, Time: 00:27:50

Health: -4/46      AC:  4    Str:  9    XL:     8   Next: 62%
Magic:  9/16       EV: 16    Int: 18    God:    Vehumet [......]
Gold:   421        SH:  0    Dex: 20    Spells: 8/17 levels left

rFire   . . .      SeeInvis .    q - +1 falchion (elec)
rCold   . . .      Faith    .    (no shield)
rNeg    . . .      Spirit   .    a - +0 robe
rPois   +          Reflect  .    (helmet restricted)
rElec   .          Harm     .    B - +1 cloak {rPois}
rCorr   .          Rampage  .    (no gloves)
Will    .....                    (boots unavailable)
Stlth   ++                       (no amulet)
HPRegen 0.27/turn                k - +6 ring of dexterity
MPRegen 0.15/turn                t - ring of wizardry

@: flying quickly and evasively, quick
A: beak, talons 3, nimble flight
a: Renounce Religion


You were on level 7 of the Dungeon.
You worshipped Vehumet.
Vehumet was noncommittal.
You visited 2 branches of the dungeon, and saw 8 of its levels.

You collected 421 gold pieces.

Inventory:

Hand Weapons
 q - a +1 falchion of electrocution (weapon)
Missiles
 r - 5 atropa-tipped darts
Armour
 a - a +0 robe (worn)
 B - a +1 cloak of poison resistance (worn)
Magical Staves
 y - a staff of conjuration
Jewellery
 k - a +6 ring of dexterity (left hand)
 t - a ring of wizardry (right hand)
Wands
 n - a wand of acid (5)
 p - a wand of flame (20)
 w - a wand of roots (7)
 A - a wand of polymorph (6)
Scrolls
 c - 2 scrolls of teleportation {unknown}
 d - 2 scrolls of fog {unknown}
 e - 2 scrolls of immolation {unknown}
 g - 2 scrolls of magic mapping {unknown}
 j - a scroll of enchant weapon {unknown}
 m - 4 scrolls of identify {unknown}
 o - 2 scrolls of blinking {unknown}
 s - a scroll of noise {unknown}
 u - a scroll of fear {unknown}
 v - 3 scrolls of poison {unknown}
Potions
 b - 2 potions of magic
 f - 2 potions of curing {unknown}
 h - a potion of degeneration {unknown}
 i - 2 potions of mutation {unknown}
 l - a potion of cancellation {unknown}
 x - a potion of flight {unknown}
 z - 2 potions of berserk rage {unknown}
 C - a potion of lignification {unknown}
 D - a potion of resistance {unknown}
 E - a potion of ambrosia {unknown}


   Skills:
 - Level 3.0 Fighting
 - Level 0.1 Long Blades
 + Level 3.6 Dodging
 - Level 2.0 Stealth
 - Level 5.0 Spellcasting
 - Level 4.0 Conjurations
 + Level 1.1 Hexes
 + Level 2.5 Translocations
 - Level 6.0 Fire Magic
 - Level 4.0 Air Magic
 + Level 1.6 Evocations


You had 8 spell levels left.
You knew the following spells:

 Your Spells              Type           Power      Damage    Failure   Level
a - Foxfire               Conj/Fire      88%        2x1d8     1%          1
b - Scorch                Fire           52%        2d8       1%          2
c - Kindle Blastsparks    Fire/Tloc/Air  38%        2d13      2%          3
d - Inner Flame           Hex/Fire       17%        N/A       4%          3

Your spell library contained the following spells:

 Spells                   Type           Power      Damage    Failure   Level
 Swiftness                Air            18%        N/A       3%          3
 Summon Small Mammal      Summ           16%        N/A       5%          1
 Ensorcelled Hibernation  Hex/Ice        12%        N/A       6%          2
 Gell's Gravitas          Tloc           13%        N/A       6%          3
 Teleport Other           Tloc           13%        N/A       6%          3
 Flame Wave               Conj/Fire      22%        2d8       7%          4
 Passwall                 Tmut/Erth      3%         N/A       9%          2
 Sublimation of Blood     Necr           4%         N/A       9%          2
 Summon Guardian Golem    Hex/Summ       6%         N/A       13%         3
 Call Canine Familiar     Summ           4%         N/A       16%         3
 Fireball                 Conj/Fire      11%        3d7       19%         5
 Petrify                  Tmut/Erth      4%         N/A       45%         4
 Irradiate                Conj/Tmut      5%         3d13      52%         5
 Starburst                Conj/Fire      11%        6d5       67%         6
 Blade Hands              Tmut           2%         N/A       78%         5
 Dispersal                Tloc           6%         N/A       94%         6
 Dragon Form              Tmut           2%         N/A       100%        7


Dungeon Overview and Level Annotations

Branches:
Dungeon (7/15)             Temple (1/1) D:6

Altars:
Ashenzari
Cheibriados
Dithmenos
Elyvilon
Fedhas
Gozag
Hepliaklqana
Kikubaaqudgha
Makhleb
Nemelex Xobeh
Okawaru
Qazlal
Ru
Sif Muna
Trog
Uskayaw
Vehumet
Wu Jian
Xom
Yredelemnul
Zin
The Shining One

Shops:
D:5 *


Innate Abilities, Weirdness & Mutations

You have a beak for a mouth.
You have claws for feet.
Your magical nature lets you fly swiftly and evasively.


Message History

Magic restored.
HP restored.
You reach down and open the door.
Found a stone staircase leading down.
There is an open door here.
A water moccasin comes into view.
Casting: Kindle Blastsparks (dangerous; 2% risk of failure)
Confirm with . or Enter, or press ? or * to list all spells.
Aiming: Inner Flame (dangerous; 4% risk of failure)
Press: ? - help, Dir - move target, f - water moccasin
Aim: a water moccasin (chance to affect: 71%)
The water moccasin is filled with an inner flame.
Casting: Inner Flame (dangerous; 4% risk of failure)
Confirm with . or Enter, or press ? or * to list all spells.
You conjure some foxfire!
Casting: Foxfire (safe; 1% risk of failure)
Confirm with . or Enter, or press ? or * to list all spells.
You conjure some foxfire!
The foxfire hits the water moccasin.
Flame seeps out of the water moccasin.
The water moccasin is lightly wounded.
The foxfire hits the water moccasin!
Flame seeps out of the water moccasin.
The water moccasin is moderately wounded.
The water moccasin is engulfed in blazing flames.
Flame seeps out of the water moccasin.
The foxfire hits the water moccasin.
Flame seeps out of the water moccasin.
The water moccasin is severely wounded.
Casting: Foxfire (safe; 1% risk of failure)
Confirm with . or Enter, or press ? or * to list all spells.
You conjure some foxfire!
Casting: Foxfire (safe; 1% risk of failure)
Confirm with . or Enter, or press ? or * to list all spells.
You conjure some foxfire!
The foxfire hits the water moccasin!
Flame seeps out of the water moccasin.
The water moccasin is almost dead.
The foxfire hits the water moccasin.
Vehumet accepts your kill.
The water moccasin explodes!
The fiery explosion engulfs you!!!
Ouch! That really hurt!
You die...

#..##.....#
#....#..##....##
#....#........##..##.
#....#.......<.#.....
#....#.........#....
#...°#.........#...
#..§.#.........#..#
#..§°#.<##....##..#
#...@#..##....##..##.
#..vv#...............
#....'...............
#....################
######


There were no monsters in sight!

Vanquished Creatures
  3 water moccasins
  Duvessa (D:5)
  An ice beast (D:6)
  An ogre (D:4)
  A necrophage (D:6)
  Blork the orc (D:6)
  A bullfrog (D:6)
  4 scorpions
  Dowan (D:5)
  A howler monkey (D:4)
  2 hounds
  2 orc priests
  Crazy Yiuf (D:3)
  An iguana (D:5)
  Robin (D:3)
  7 adders
  2 white imps (D:5)
  An ufetubus (D:6)
  A dart slug (D:5)
  11 orcs
  6 ball pythons
  5 endoplasms
  2 giant cockroaches
  15 goblins
  8 hobgoblins
  2 jackals (D:3)
  A quokka (D:4)
  4 bats
  6 frilled lizards
  6 kobolds
  4 rats
103 creatures vanquished.

Vanquished Creatures (others)
  351 foxfires
  4 plants (D:5)
355 creatures vanquished.

Grand Total: 458 creatures vanquished

Notes
Turn   | Place    | Note
-------+----------+-------------------------------------------
     0 | D:1      | NinjaNoafa the Tengu Fire Elementalist began the quest for
                  | the Orb.
     0 | D:1      | Reached XP level 1. HP: 10/10 MP: 4/4
   200 | D:1      | You fall into a shaft and drop 1 floor!
   387 | D:1      | Reached XP level 2. HP: 15/15 MP: 3/6
   598 | D:1      | Reached skill level 4 in Fire Magic
  1078 | D:1      | Learned a level 2 spell: Scorch
  1221 | D:2      | Reached XP level 3. HP: 19/19 MP: 4/7
  1880 | D:3      | Reached XP level 4. HP: 24/24 MP: 1/8
  1962 | D:3      | Reached skill level 1 in Fighting
  2077 | D:3      | Noticed Robin
  2106 | D:3      | Killed Robin
  2721 | D:3      | Found a runed translucent door.
  2722 | D:3      | Noticed Crazy Yiuf
  2959 | D:4      | Noticed an ogre
  2966 | D:4      | Killed an ogre
  2967 | D:4      | Reached skill level 5 in Fire Magic
  2967 | D:4      | Reached skill level 1 in Air Magic
  2967 | D:4      | Gained mutation: Your magical nature lets you fly swiftly
                  | and evasively. [Tengu growth]
  2967 | D:4      | Reached XP level 5. HP: 30/30 MP: 1/9
  3152 | D:4      | Noticed a water moccasin
  3164 | D:4      | Killed a water moccasin
  3165 | D:4      | Reached skill level 1 in Translocations
  3165 | D:4      | Reached XP level 6. HP: 9/35 MP: 6/10
  4139 | D:4      | Learned a level 3 spell: Kindle Blastsparks
  4143 | D:5      | Entered Level 5 of the Dungeon
  4168 | D:5      | Reached XP level 7. HP: 39/39 MP: 0/12
  4472 | D:5      | Found Udghiah's Serpentskin Sales.
  4941 | D:5      | Noticed Duvessa
  4966 | D:5      | Learned a level 3 spell: Inner Flame
  4988 | D:5      | Noticed Dowan
  5021 | D:5      | Killed Duvessa
  5054 | D:5      | Killed Dowan
  5055 | D:5      | Reached skill level 6 in Fire Magic
  5302 | D:6      | Found a staircase to the Ecumenical Temple.
  5306 | D:6      | Noticed Blork the orc
  5311 | Temple   | Entered the Ecumenical Temple
  5496 | D:6      | Killed Blork the orc
  5497 | D:6      | Reached XP level 8. HP: 44/44 MP: 2/15
  5688 | D:3      | Killed Crazy Yiuf
  5937 | D:6      | Found a broken altar of Ashenzari.
  5939 | D:6      | Found a basalt altar of Yredelemnul.
  5939 | D:6      | Found an ancient bone altar of Kikubaaqudgha.
  5941 | D:6      | Found a radiant altar of Vehumet.
  5941 | D:6      | Found a burning altar of Makhleb.
  5943 | D:6      | Found a hazy altar of Hepliaklqana.
  5943 | D:6      | Found a sparkling altar of Nemelex Xobeh.
  5949 | D:6      | Became a worshipper of Vehumet
  6029 | D:6      | Reached skill level 5 in Spellcasting
  6129 | D:6      | Identified the +1 robe of the Accordion {rF++}
  6262 | D:6      | Identified the +1 robe of Duty {rElec rC+ Regen+ Stlth+}
  6389 | D:6      | Reached skill level 1 in Evocations
  6705 | D:6      | Found a snail-covered altar of Cheibriados.
  6870 | D:7      | Reached skill level 1 in Hexes
  6968 | D:7      | Killed by an exploding water moccasin... ignited by their
                  | inner flame

Illustrated notes

Levels and vault maps discovered:
D:1:      matt_arrival_diagonals, layout_loops_ring
D:2:      layout_rooms
D:3:      layout_loops_ring, uniq_crazy_yiuf_cottage, uniq_robin
D:4:      layout_basic
D:5:      layout_rooms, serial_bayou, serial_bayou_shore_b, serial_bayou_pond_b,
          serial_bayou_crossing, serial_bayou_lagoon_b, guppyfry_shop_venom,
          uniq_duvessa
D:6:      layout_gridville, mainiacjoe_overflow_chevrons,
          grunt_temple_overflow_open, minmay_temple_entry_statues_fountains,
          uniq_blork_the_orc
D:7:      layout_gridville
Temple:   nicolae_temple_bog_church

Skill      XL: |  1  2  3  4  5  6  7  8 |
---------------+-------------------------+-----
Fire Magic     | 4 5 6 |  6.0
Fighting       | 1 3 |  3.0
Dodging        | 3 |  3.6
Conjurations   | 2 3 4 |  4.0
Air Magic      | 1 2 3 4 |  4.0
Translocations | 1 2 |  2.5
Spellcasting   | 3 4 5 |  5.0
Evocations     | 1 |  1.6
Hexes          | 1 |  1.1
Long Blades    | |  0.1
Stealth        | |  2.0

Action                     |  1- 3 |  4- 6 |  7- 9 || total
---------------------------+-------+-------+-------++-------
  Melee: Dagger            |       |    10 |       ||    10
         Peck              |       |     3 |       ||     3
         Rapier            |       |     1 |       ||     1
         Falchion          |       |       |     8 ||     8
         Staff             |       |       |     1 ||     1
         Unarmed           |       |       |     1 ||     1
         Punch             |       |       |     1 ||     1
   Cast: Foxfire           |    75 |   100 |    55 ||   230
         Scorch            |     2 |    11 |     4 ||    17
         Kindle Blastspark |       |       |    13 ||    13
         Inner Flame       |       |       |    12 ||    12
    Use: Potion            |       |     1 |       ||     1
 Armour: Robe              |     2 |     6 |     1 ||     9
         Skin              |       |       |     5 ||     5
  Dodge: Dodged            |     8 |    13 |    15 ||    36

Table legend: (Time is in decaauts)
 A = Elapsed time spent in this place.
 B = Non-inter-level travel time spent in this place.
 C = Inter-level travel time spent in this place.
 D = Time resting spent in this place.
 E = Time spent auto-exploring this place.
 F = Levels seen in this place.
 G = Mean time per level.
                   A        B        C        D        E       F      G
               +--------+--------+--------+--------+--------+-----+--------+
         Total |   6748 |   6499 |    249 |      0 |   5713 |   8 |  843.5 |
       Dungeon |   6584 |   6338 |    246 |      0 |   5559 |   7 |  940.6 |
        Temple |    164 |    162 |      2 |      0 |    154 |   1 |  164.0 |
               +--------+--------+--------+--------+--------+-----+--------+

Top non-repeatable levels by time:
     D:3: 1354 daAuts
     D:4: 1170 daAuts
     D:5: 1111 daAuts
     D:1: 1071 daAuts
     D:6: 987 daAuts
     D:2: 761 daAuts
  Temple: 164 daAuts
     D:7: 128 daAuts
